[Event "Live Chess"]
[Site "Chess.com"]
[Date "2023.05.21"]
[Round "-"]
[White "mattihelenius2"]
[Black "ameetghasi100"]
[Result "0-1"]
[WhiteElo "492"]
[BlackElo "2592"]
[TimeControl "300"]
[EndTime "4:39:26 PDT"]
[Termination "ameetghasi100 won by checkmate"]

1. d4 d5 2. c4 c5 3. cxd5 Nf6 4. Nc3 cxd4 5. Qxd4 e6 6. Nf3 exd5 7. Bg5 Nc6 8. Qd3 Bb4 9. e3 O-O 10. a3 Ba5 11.
Be2 Bg4 12. b4 Bb6 13. Nb5 Bxf3 14. Bxf3 Ne5 15. Qe2 h6 16. Bf4 Ng6 17. Qd1 Nxf4 18. exf4 Qe8+ 19. Kf1 Qxb5+ 20. Be2 Qd7 21. Rc1 Qd6 22.
h3 Qxf4 23. Qd3 Qxf2# 0-1

[Event "Live Chess"]
[Site "Chess.com"]
[Date "2023.05.21"]
[Round "-"]
[White "booktrunk"]
[Black "chessfiction"]
[Result "0-1"]
[WhiteElo "1280"]
[BlackElo "2311"]
[TimeControl "300"]
[EndTime "4:39:28 PDT"]
[Termination "chessfiction won by checkmate"]

1. d4 d5 2. Nc3 e5 3. dxe5 d4 4. Ne4 Nc6 5. e3 Bf5 6. Ng3 Bg6 7. exd4 Nxd4 8. Bd3 Bc5 9. Bxg6 hxg6 10. N1e2 Qh4 11. O-O Qxh2# 0-1

[Event "Live Chess"]
[Site "Chess.com"]
[Date "2023.05.21"]
[Round "-"]
[White "Shepherds_Pie"]
[Black "peter-785"]
[Result "1-0"]
[WhiteElo "1950"]
[BlackElo "1182"]
[TimeControl "300"]
[EndTime "4:39:51 PDT"]
[Termination "Shepherds_Pie won by resignation"]

1. c4 c5 2. Nc3 d6 3. g3 e6 4. Bg2 Nc6 5. Nf3 Qc7 6. O-O Nf6 7. d4 cxd4 8. Nxd4 Nxd4 9. Qxd4 Be7 10. Nb5 Qd7 11. b3 a6 12. Nc3 O-O 13. Bb2 e5 14.
Qd3 Rb8 15. e4 b6 16. a4 Bb7 17. Rad1 Rfd8 18. Ba3 Ne8 19. Rfe1 Qg4 20. h3 Qg6 21. Nd5 Bxd5 22. cxd5 b5 23. axb5 axb5 24. Bc1 f6 25. Be3 h5 26. h4 Qh7 27. Rc1 b4 28. Rc6 Rdc8 29. Rec1 Rxc6 30. Rxc6 g6 31. Qc4 Qf7 32.
Rc8 Ra8 1-0

[Event "Live Chess"]
[Site "Chess.com"]
[Date "2023.05.21"]
[Round "-"]
[White "ChessTWSS"]
[Black "defenderalist"]
[Result "0-1"]
[WhiteElo "1600"]
[BlackElo "1674"]
[TimeControl "300"]
[EndTime "4:39:59 PDT"]
[Termination "defenderalist won by resignation"]

1. d4 Nf6 2. Bf4 e6 3. e3 d5 4. c3 Bd6 5. Bg3 Bxg3 6. hxg3 b6 7. Nd2 Bb7 8. Ngf3 Nbd7 9. Qc2 h6 10. Ne5 Nxe5 11.
dxe5 Nd7 12. f4 Qe7 13. O-O-O c5 14. Bb5 O-O-O 15. Bxd7+ Rxd7 16. c4 d4 17. g4 dxe3 18. Nf3 Rhd8 19. Qe2 Rxd1+ 20. Rxd1 Bxf3 21. Rxd8+ Qxd8 22. Qxf3 Qd2+ 23. Kb1 Kb8 24. a4 e2 25. Qc6 Qd3+ 26.
Ka2 Qxc4+ 27. b3 Qc2+ 28. Ka3 Qc1+ 29. Ka2 Qd2+ 30. Ka3 Qb4+ 31. Ka2 e1=Q 32. Qe8+ Kb7 33. Qd7+ Ka6 34. Qc8+ Ka5 35. Qa8 Qe2+ 0-1

[Event "Live Chess"]
[Site "Chess.com"]
[Date "2023.05.21"]
[Round "-"]
[White "Conradical12"]
[Black "Ian-Morley"]
[Result "1-0"]
[WhiteElo "1573"]
[BlackElo "1041"]
[TimeControl "300"]
[EndTime "4:40:09 PDT"]
[Termination "Conradical12 won by resignation"]

1. e4 d5 2. exd5 Qxd5 3. Nc3 Qd6 4. Nf3 Nf6 5. Be2 a6 6. O-O b5 7. Re1 Bb7 8. d3 Nbd7 9. g3 e6 10. Bf4 Qb6 11. a4 Nd5 12. Nxd5 Bxd5 13. axb5 axb5 14. Rxa8+ Bxa8 15. c4 Bc5 16. d4 Bb4 17. Rf1 bxc4 18. Bxc4 O-O 19. d5 exd5 20. Bd3 Bc5 21. Ne5 Nxe5 22.
Bxe5 f6 23. Qh5 g6 24. Bxg6 Bxf2+ 25. Rxf2 Rf7 26. Bxf7+ Kg7 27. Bxf6+ Kf8 28. Qh6+ Kxf7 29. Bd4+ 1-0

[Event "Live Chess"]
[Site "Chess.com"]
[Date "2023.05.21"]
[Round "-"]
[White "WilliWeisswurst"]
[Black "McSlash1"]
[Result "0-1"]
[WhiteElo "1772"]
[BlackElo "2003"]
[TimeControl "300"]
[EndTime "4:40:19 PDT"]
[Termination "McSlash1 won on time"]

1. e4 c5 2. Nf3 d6 3. d4 cxd4 4.
Nxd4 Nf6 5. Nc3 g6 6. f4 Nc6 7.
Be3 Bg7 8. Qd2 Ng4 9. Nxc6 bxc6 10. O-O-O Nxe3 11. Qxe3 O-O 12. e5 d5 13. Qc5 Bf5 14. Qxc6 e6 15. Ba6 Qb6 16. Qxb6 axb6 17. Be2 Rfc8 18. g4 Be4 19. Nxe4 dxe4 20. a3 Ra4 21. Rd6 e3 22. Rf1 Bf8 23. Rxb6 Rd4 24. Rb3 Rd2 25.
Bd3 Rxh2 26. Re1 Be7 27. Rxe3 h5 28. gxh5 Rxh5 29. Re1 g5 30. fxg5 Bxg5+ 31. Kb1 Bf4 32. Rg1+ Kf8 33. Rb4 Bxe5 34. Rbg4 Ke7 35. Ra4 Rb8 36.
Rb4 Rc8 37. Rb7+ Kf8 38. Rxf7+ Kxf7 39. Bg6+ Kf6 40. Bxh5 Rb8 41. b3 Rh8 42. Be2 Ke7 43. Bd3 Kd6 44. Ka2 Rh2 45. a4 Kc5 46. a5 Bc3 47. a6 Kb6 48. Rd1 e5 49. Bc4 e4 50.
Rd6+ Ka7 51. Rd1 e3 52. Ka3 e2 53. Bxe2 Rxe2 54. Rd3 Be5 55. Kb4 Kxa6 56. c4 Bg7 57. Rd5 Bf8+ 0-1

[Event "Live Chess"]
[Site "Chess.com"]
[Date "2023.05.21"]
[Round "-"]
[White "Ferrarifan27"]
[Black "CeladonFish"]
[Result "1-0"]
[WhiteElo "2078"]
[BlackElo "1096"]
[TimeControl "300"]
[EndTime "4:40:23 PDT"]
[Termination "Ferrarifan27 won by resignation"]

1. e4 d6 2. d4 Nf6 3. Nc3 g6 4. Nf3 Bg7 5. Bg5 O-O 6. Qd2 Nc6 7.
h4 Bg4 8. O-O-O Bxf3 9. gxf3 e5 10. dxe5 Nxe5 11. Qf4 Nh5 12. Bxd8 Nxf4 13. Bxc7 Nxf3 14. Bxd6 Bxc3 15. bxc3 Ne6 16. Bg2 1-0

[Event "Live Chess"]
[Site "Chess.com"]
[Date "2023.05.21"]
[Round "-"]
[White "raminguy"]
[Black "Tilbs_12"]
[Result "1/2-1/2"]
[WhiteElo "1952"]
[BlackElo "1588"]
[TimeControl "300"]
[EndTime "4:40:24 PDT"]
[Termination "Game drawn by repetition"]

1. d4 d5 2. Nc3 Nf6 3. Bf4 a6 4. e3 Nc6 5. Nf3 Bg4 6. Be2 e6 7. h3 Bh5 8. a3 Bd6 9. Ne5 Bxe2 10. Qxe2 O-O 11. f3 Nd7 12. Nxc6 bxc6 13. Bxd6 cxd6 14.
g4 e5 15. O-O-O Qb6 16. dxe5 Nxe5 17. Rdg1 Nc4 18. Nd1 Rfe8 19. e4 Rab8 20. c3 Qb3 21. Qc2 Qxc2+ 22. Kxc2 dxe4 23. fxe4 Rxe4 24. Kd3 d5 25.
Re1 Nxb2+ 26. Nxb2 Rxb2 27. Rxe4 dxe4+ 28. Kxe4 Rb3 29. Rd1 Kf8 30. Kd4 Rxa3 31. Rb1 Ra5 32. Rb6 Ke7 33. Rxc6 Kd7 34. Rb6 Ra1 35. Rb7+ Ke6 36.
c4 a5 37. c5 a4 38. Rb6+ Ke7 39.
Rb7+ Ke6 40. Rb6+ Ke7 41. Rb7+ Ke6 1/2-1/2

[Event "Live Chess"]
[Site "Chess.com"]
[Date "2023.05.21"]
[Round "-"]
[White "manthanit"]
[Black "Brooms1989"]
[Result "1-0"]
[WhiteElo "1079"]
[BlackElo "1132"]
[TimeControl "300"]
[EndTime "4:40:36 PDT"]
[Termination "manthanit won by checkmate"]

1. e4 e5 2. Nf3 Nc6 3. Bc4 Nf6 4.
Ng5 d5 5. exd5 Na5 6. d3 Nxc4 7. dxc4 h6 8. Nf3 Bc5 9. h3 O-O 10. O-O Bf5 11. Nc3 Re8 12. Re1 Bd6 13. a4 e4 14.
Nd2 Bc5 15. Kh1 e3 16. fxe3 Rxe3 17. Rxe3 Bxe3 18. Qf3 Bxd2 19. Bxd2 Bxc2 20. Qg3 Qd6 21. Bf4 Nh5 22. Bxd6 Nxg3+ 23. Bxg3 Re8 24. Re1 Rxe1+ 25. Bxe1 Bd3 26. c5 Kf8 27. d6 cxd6 28. cxd6 Ke8 29. a5 Kd7 30. Bg3 g5 31. Bh2 h5 32. Kg1 f5 33. Kf2 g4 34. hxg4 fxg4 35. g3 Kxd6 36. Ke3 Ba6 37. Kf4 Bc4 38. Ne4+ Kc6 39. Kg5 Bd5 40.
Nf6 Bf7 41. Nxh5 Bxh5 42. Kxh5 Kb5 43. Kxg4 Kxa5 44. Kf4 b5 45. g4 b4 46. g5 Kb6 47.
g6 a5 48. Kf5 a4 49. g7 a3 50. g8=Q axb2 51. Qb3 Kb5 52. Qxb2 Kc4 53. Bd6 b3 54. Ke4 Kb5 55. Kd3 Kc6 56. Ba3 Kb5 57. Qxb3+ Ka6 58.
Kc4 Ka7 59. Kc5 Ka8 60. Kc6 Ka7 61. Qb6+ Ka8 62. Qb7# 1-0

[Event "Live Chess"]
[Site "Chess.com"]
[Date "2023.05.21"]
[Round "-"]
[White "GMHarry-youtube"]
[Black "Nakula1000"]
[Result "0-1"]
[WhiteElo "2026"]
[BlackElo "760"]
[TimeControl "300"]
[EndTime "4:40:48 PDT"]
[Termination "Nakula1000 won by resignation"]

1. e4 e5 2. Nf3 Nc6 3. Bc4 Nf6 4. d3 h6 5. O-O g5 6. c3 g4 7. Nh4 d5 8. exd5 Nxd5 9. g3 a6 10.
Qb3 Be6 11. Re1 b5 12. Bxd5 Qxd5 13. c4 bxc4 14. dxc4 Qxc4 15. Qxc4 Bxc4 16. Nd2 Be6 17. b3 O-O-O 18. Ne4 Bb4 19. Re2 Rd1+ 20. Kg2 Nd4 21. Rb2 Bd5 0-1

[Event "Live Chess"]
[Site "Chess.com"]
[Date "2023.05.21"]
[Round "-"]
[White "GEMdzq"]
[Black "JoeyCage"]
[Result "1-0"]
[WhiteElo "2287"]
[BlackElo "2284"]
[TimeControl "300"]
[EndTime "4:40:50 PDT"]
[Termination "GEMdzq won by checkmate"]

1. e4 c5 2. d4 cxd4 3. c3 dxc3 4.
Nxc3 Nc6 5. Bc4 e6 6. Nf3 a6 7.
O-O Qc7 8. Qe2 Be7 9. Bg5 d6 10.
Rac1 Nf6 11. Bb3 Bd7 12. Nd5 Qd8 13. Nxe7 Qxe7 14. e5 Nxe5 15. Nxe5 dxe5 16. Qxe5 Bc6 17. f4 h6 18. Bh4 Rd8 19. f5 exf5 20. Bxf6 gxf6 21.
Qxf5 O-O 22. Qg6+ Kh8 23. Qxh6+ Kg8 24. Rc3 Qe5 25. Qg6+ Kh8 26. Rh3+ Qh5 27. Rxh5# 1-0

[Event "Live Chess"]
[Site "Chess.com"]
[Date "2023.05.21"]
[Round "-"]
[White "LL220284LL"]
[Black "EdenHazard8"]
[Result "1-0"]
[WhiteElo "2335"]
[BlackElo "1933"]
[TimeControl "300"]
[EndTime "4:41:00 PDT"]
[Termination "LL220284LL won by resignation"]

1. e3 c5 2. b3 Nf6 3. Bb2 e6 4.
Nf3 d5 5. d4 Nc6 6. Nbd2 cxd4 7.
Nxd4 Bd6 8. Bd3 Ne5 9. Be2 O-O 10. O-O a6 11. c4 dxc4 12. Nxc4 Nxc4 13. Bxc4 b5 14.
Be2 Bb7 15. Bf3 Bxf3 16. Qxf3 Nd5 17. Rfd1 Qg5 18. e4 Nf4 19. Nc6 Bc5 20. Be5 Ng6 21.
Bg3 Rac8 22. e5 h5 23. Rac1 Bb6 24. h3 h4 25. Bh2 Ne7 26. Nxe7+ Qxe7 27. Bf4 Rxc1 28.
Rxc1 Rd8 29. Qc6 Qa7 30. Qf3 Qe7 31. Rd1 Rd2 32. Rxd2 1-0

[Event "Live Chess"]
[Site "Chess.com"]
[Date "2023.05.21"]
[Round "-"]
[White "chrisbradgate"]
[Black "JohanKjeldahl"]
[Result "0-1"]
[WhiteElo "865"]
[BlackElo "1880"]
[TimeControl "300"]
[EndTime "4:41:05 PDT"]
[Termination "JohanKjeldahl won by checkmate"]

1. d4 Nf6 2. Bf4 d6 3. e3 g6 4. c3 Bg7 5. Bb5+ c6 6. Ba4 O-O 7. Nd2 b5 8. Bb3 Bb7 9. Qc2 c5 10. dxc5 Bxg2 11. O-O-O Bxh1 12. Ne2 Bc6 13. cxd6 exd6 14.
Nd4 a6 15. Nxc6 Nxc6 16. Ne4 Nxe4 17. Qxe4 Rc8 18. Rxd6 Qb6 19. Bd5 b4 20. Bxc6 bxc3 21. bxc3 Bxc3 22. Bh6 Rfd8 23. Rxd8+ Rxd8 24. Qe7 Qb2# 0-1

[Event "Live Chess"]
[Site "Chess.com"]
[Date "2023.05.21"]
[Round "-"]
[White "Chesscoach_Golichenko"]
[Black "diana21strabt"]
[Result "1-0"]
[WhiteElo "2611"]
[BlackElo "1757"]
[TimeControl "300"]
[EndTime "4:41:11 PDT"]
[Termination "Chesscoach_Golichenko won by resignation"]

1. d4 Nf6 2. c4 g6 3. Nc3 Bg7 4. e4 d6 5. Be2 Nbd7 6. Bg5 O-O 7.
Qd2 e5 8. d5 a5 9. Bd3 Nc5 10.
Bc2 Bd7 11. Nge2 Qe8 12. f3 Nh5 13. g4 Nf4 14. Nxf4 exf4 15. Bxf4 Be5 16. h4 Bxf4 17. Qxf4 Qe5 18. Qxe5 dxe5 19. h5 f5 20. hxg6 hxg6 21. gxf5 gxf5 22. O-O-O f4 23. Rdg1+ Kf7 24. Rh7+ Ke8 25.
Rg5 Rf7 26. Rg8+ Rf8 27. Rxf8+ Kxf8 28. Rh8+ Ke7 29. Rxa8 1-0

[Event "Live Chess"]
[Site "Chess.com"]
[Date "2023.05.21"]
[Round "-"]
[White "JanMur7"]
[Black "Biranidun"]
[Result "1/2-1/2"]
[WhiteElo "1980"]
[BlackElo "2526"]
[TimeControl "300"]
[EndTime "4:41:12 PDT"]
[Termination "Game drawn by repetition"]

1. e4 c5 2. d4 cxd4 3. c3 Nf6 4. e5 Nd5 5. cxd4 d6 6. Nc3 Nxc3 7. bxc3 dxe5 8.
dxe5 Qxd1+ 9. Kxd1 Nc6 10. Nf3 Bg4 11. Be2 O-O-O+ 12. Kc2 Bxf3 13. Bxf3 Nxe5 14. Be2 e6 15. Bf4 Nc6 16. Rhd1 Bc5 17. f3 Rxd1 18. Rxd1 Rd8 19. Rxd8+ Kxd8 20. Bd3 h6 21. h3 Kd7 22. Be4 f5 23. Bd3 a6 24. a4 Bd6 25. Be3 Ne5 26. Be2 g5 27. h4 Nf7 28. hxg5 hxg5 29. g4 f4 30. Bd4 Be5 31. Bf2 Kc6 32. Bd3 Nd6 33. c4 b6 34. Kb3 a5 35. Bg6 Bf6 36. Bd3 Be7 37. Bg6 Bf8 38. Bd3 Nf7 39. Be4+ Kc7 40.
Bd4 e5 41. Bd5 exd4 42. Bxf7 Kd6 43. Kc2 Kc5 44. Kd3 Kb4 45. Be8 Bc5 46. Bb5 Kb3 47.
Bc6 Kb2 48. Bb5 Kc1 49. Bc6 Kd1 50. Bb5 Ke1 51. Bc6 Kf2 52. Be4 Ke1 53. Bc6 Kd1 54. Be4 Kc1 55. Bc6 Kb1 56. Bb5 Ka2 57. Bc6 Ka3 58.
Bb5 Kb4 59. Bc6 Kb3 60. Bb5 Ka2 61. Bc6 Kb1 62. Bb5 Kc1 63. Bc6 1/2-1/2

[Event "Live Chess"]
[Site "Chess.com"]
[Date "2023.05.21"]
[Round "-"]
[White "ossie57"]
[Black "WelshTiger"]
[Result "0-1"]
[WhiteElo "1904"]
[BlackElo "2314"]
[TimeControl "300"]
[EndTime "4:41:13 PDT"]
[Termination "WelshTiger won by resignation"]

1. d4 d5 2. Nc3 e6 3. Bf4 Bd6 4. e3 Bxf4 5. exf4 a6 6. Bd3 Nf6 7. g4 Qd6 8. Qf3 c5 9. dxc5 Qxc5 10. O-O-O Nc6 11. g5 Nd7 12. a3 b5 13. Qe3 Bb7 14.
Qxc5 Nxc5 15. Nf3 Nxd3+ 16. Rxd3 h6 17. Re1 hxg5 18. Nxd5 O-O-O 19. Nb4 Nxb4 20. Rxd8+ Rxd8 21. axb4 gxf4 22. Ne5 f6 23. Nd3 e5 24. Rg1 g5 25.
Kd2 e4 0-1

[Event "Live Chess"]
[Site "Chess.com"]
[Date "2023.05.21"]
[Round "-"]
[White "jumush"]
[Black "mach247"]
[Result "1-0"]
[WhiteElo "1775"]
[BlackElo "1339"]
[TimeControl "300"]
[EndTime "4:41:24 PDT"]
[Termination "jumush won by resignation"]

1. e4 d5 2. exd5 Qxd5 3. Nf3 Bg4 4. Be2 Nc6 5. O-O O-O-O 6. Re1 Nf6 7. c4 Qd7 8. Nc3 e6 9. a3 h5 10. b4 Kb8 11.
Rb1 h4 12. h3 Bf5 13. Rb2 Ne4 14. Nxe4 Bxe4 15. Qb3 Be7 16. Qe3 f5 17. Rd1 Bf6 18.
d3 Bxf3 19. Qxf3 Bxb2 20. Bxb2 Rhg8 21. d4 g5 22. Qc3 g4 23. hxg4 fxg4 24. b5 Ne7 25. a4 g3 26. Bf3 gxf2+ 27. Kxf2 Qd6 28. a5 Qg3+ 29. Kg1 h3 30. Rd2 hxg2 31. Rxg2 Qh3 32. a6 Rxg2+ 33. Bxg2 Rg8 34. Qxh3 1-0

[Event "Live Chess"]
[Site "Chess.com"]
[Date "2023.05.21"]
[Round "-"]
[White "booktrunk"]
[Black "Abde2012"]
[Result "1-0"]
[WhiteElo "1281"]
[BlackElo "751"]
[TimeControl "300"]
[EndTime "4:41:33 PDT"]
[Termination "booktrunk won by resignation"]

1. d4 c6 2. h3 d5 3. Bf4 Bf5 4. Nc3 e6 5. Nf3 Nf6 6. g4 Be4 7. Nxe4 Nxe4 8. Ne5 Bd6 9. f3 Bxe5 10. Bxe5 Nd6 11.
Bxg7 Rg8 12. Be5 Na6 13. Qd3 Nb4 14. Qxh7 Nxc2+ 15. Qxc2 Nc4 16. Qh7 1-0

[Event "Live Chess"]
[Site "Chess.com"]
[Date "2023.05.21"]
[Round "-"]
[White "JoeRoot66"]
[Black "AbilifyXL"]
[Result "0-1"]
[WhiteElo "1909"]
[BlackElo "1954"]
[TimeControl "300"]
[EndTime "4:41:38 PDT"]
[Termination "AbilifyXL won by resignation"]

1. g3 d5 2. Bg2 c6 3. c4 Nf6 4. Nc3 e6 5. d4 Be7 6. Nf3 O-O 7. O-O b6 8. b3 Ba6 9. Ne5 Nfd7 10. cxd5 Nxe5 11.
dxe5 cxd5 12. Bb2 Nc6 13. Re1 Rc8 14. Rc1 Qd7 15. f4 Rfd8 16. Qd2 Bb4 17. a3 Be7 18. b4 Bc4 19. e4 b5 20. exd5 exd5 21. Red1 d4 22. Ne4 d3 23. Bf1 Qd5 24. Qe3 a5 25.
Bg2 Qe6 26. Nc5 Bxc5 27. bxc5 h6 28. Be4 Rd7 29. Bxd3 Bxd3 30. Rxd3 Rxd3 31. Qxd3 b4 32. Qd6 Qb3 33. Qd2 bxa3 34. Bc3 Nb4 35. Bxb4 axb4 36. c6 a2 37. Ra1 Qb1+ 38. Qd1 Qxd1+ 39. Rxd1 Rxc6 40.
Ra1 b3 0-1

[Event "Live Chess"]
[Site "Chess.com"]
[Date "2023.05.21"]
[Round "-"]
[White "DoYouLikeCurry"]
[Black "JoRoSaR"]
[Result "1-0"]
[WhiteElo "1437"]
[BlackElo "1694"]
[TimeControl "300"]
[EndTime "4:41:41 PDT"]
[Termination "DoYouLikeCurry won by resignation"]

1. e4 c5 2. Nc3 Nc6 3. f4 d6 4. Bc4 e6 5. Nf3 Be7 6. O-O Nf6 7. d3 d5 8. Bb5 a6 9. Bxc6+ bxc6 10. e5 Nd7 11. Qe1 O-O 12. Qg3 f6 13. f5 exf5 14.
Bh6 g6 15. e6 Nb6 16. Bxf8 Bxf8 17. Rae1 Be7 18. Nh4 Kf8 19. Nxg6+ hxg6 20. Qxg6 Qe8 21.
Qxf5 c4 22. g4 cxd3 23. cxd3 Bd8 24. g5 Qh5 25. gxf6 Qxf5 26. Rxf5 Ra7 27. e7+ Bxe7 28. fxe7+ Ke8 29. Rf8+ 1-0

[Event "Live Chess"]
[Site "Chess.com"]
[Date "2023.05.21"]
[Round "-"]
[White "KeithArkell"]
[Black "CheckThis4"]
[Result "1/2-1/2"]
[WhiteElo "2487"]
[BlackElo "2508"]
[TimeControl "300"]
[EndTime "4:41:50 PDT"]
[Termination "Game drawn by agreement"]

1. d4 Nf6 2. Nf3 e6 3. c4 c5 4. d5 b5 5. Bg5 exd5 6. cxd5 d6 7.
e4 a6 8. a4 b4 9. a5 Be7 10. Nbd2 O-O 11. Bxf6 Bxf6 12. Nc4 Bd7 13. Bd3 Bb5 14. Qc2 Nd7 15. O-O Qe7 16. Rfe1 Rae8 17.
Rad1 Ne5 18. Nfxe5 Bxe5 19. Nxe5 Qxe5 20. g3 Rc8 21. b3 Rfe8 22. Kg2 1/2-1/2

[Event "Live Chess"]
[Site "Chess.com"]
[Date "2023.05.21"]
[Round "-"]
[White "Doge_Dandolo"]
[Black "Sweet-O"]
[Result "1-0"]
[WhiteElo "1889"]
[BlackElo "1426"]
[TimeControl "300"]
[EndTime "4:41:52 PDT"]
[Termination "Doge_Dandolo won by resignation"]

1. Nf3 e5 2. Nxe5 Nc6 3. Nxc6 dxc6 4. d4 Nf6 5. Nc3 c5 6. e3 Be7 7. Be2 O-O 8. Bf3 cxd4 9. exd4 Re8 10. O-O Bd6 11.
g3 Bh3 12. Bg2 Bg4 13. Qd3 c5 14. Bg5 cxd4 15. Qxd4 h6 16. Bxf6 Qxf6 17. Qxg4 Re5 18. Ne4 Qe7 19. Nxd6 Qxd6 20. Rad1 Qf6 21. c3 Rg5 22.
Qd4 Qe7 23. Rfe1 Qc7 24. Qd7 Qb6 25. Qxb7 1-0

[Event "Live Chess"]
[Site "Chess.com"]
[Date "2023.05.21"]
[Round "-"]
[White "YrrriKharkiv"]
[Black "Long1968"]
[Result "1-0"]
[WhiteElo "2067"]
[BlackElo "959"]
[TimeControl "300"]
[EndTime "4:41:58 PDT"]
[Termination "YrrriKharkiv won on time"]

1. d4 Nf6 2. Nf3 g6 3. c4 Bg7 4. Nc3 d6 5. h3 c5 6. dxc5 Qa5 7. cxd6 Ne4 8. Bd2 Nxc3 9. Bxc3 Bxc3+ 10. bxc3 Qxc3+ 11. Nd2 exd6 12. Rc1 Qa5 13. e3 O-O 14. Be2 Nc6 15. O-O Be6 16. Nf3 Rad8 17. Qb3 Qc7 18. Nd4 d5 19. Nxe6 fxe6 20. cxd5 exd5 21. Bf3 Qd7 22.
Rcd1 Ne7 23. Bg4 Qc6 24. Rd2 1-0

[Event "Live Chess"]
[Site "Chess.com"]
[Date "2023.05.21"]
[Round "-"]
[White "FlorinHristea"]
[Black "Sir_Sigmund"]
[Result "0-1"]
[WhiteElo "1808"]
[BlackElo "1926"]
[TimeControl "300"]
[EndTime "4:42:17 PDT"]
[Termination "Sir_Sigmund won - game abandoned"]

1. e4 e5 2. Nc3 Bc5 3. Bc4 Nf6 4. d3 d6 5. Bg5 a6 6. Nf3 Nbd7 7. O-O h6 8. Bh4 g5 9. Bg3 c6 10. d4 exd4 11.
Nxd4 Ne5 12. Bxe5 dxe5 13. Nb3 Qxd1 14. Raxd1 Be7 15. f3 b5 16. Be2 a5 17. a4 b4 18.
Nb1 Be6 19. N1d2 Nh5 20. Bc4 O-O 21. Bxe6 fxe6 22. Nc4 Rad8 23. Nxe5 Rxd1 24. Rxd1 c5 25. Nxa5 Kg7 26. Nac4 Bf6 27. Nd7 Rd8 28. b3 Bd4+ 29. Kf1 Rxd7 30. Ke2 Nf4+ 31. Kf1 Kf6 32. g3 Ng6 33.
Ke2 Ke7 34. h3 Ne5 35. f4 Nxc4 36. bxc4 Bf6 37. Rxd7+ Kxd7 38. Kd3 Kc6 39. e5 Bd8 40. c3 Kb6 41. Kc2 Ka5 42. Kb3 gxf4 43. gxf4 Bh4 44. cxb4+ cxb4 45. c5 Bg3 46. c6 Kb6 47. c7 Kxc7 48.
Kxb4 Bxf4 49. Kb5 Bxe5 50. a5 Kb7 51. a6+ Ka7 52. Kc5 Bg3 53. Kd4 e5+ 54. Ke4 Kxa6 55. Kf3 Bf4 56. h4 Kb5 57. h5 Kc5 58. Ke4 Kd6 59.
Kf5 Kd5 60. Kg4 Ke4 61. Kh3 Kf3 62. Kh4 e4 63. Kh3 e3 0-1

[Event "Live Chess"]
[Site "Chess.com"]
[Date "2023.05.21"]
[Round "-"]
[White "JoshMcK"]
[Black "davigator"]
[Result "0-1"]
[WhiteElo "1533"]
[BlackElo "2328"]
[TimeControl "300"]
[EndTime "4:42:41 PDT"]
[Termination "davigator won by resignation"]

1. e4 c5 2. c3 d5 3. exd5 Qxd5 4. d4 Nc6 5. Nf3 Nf6 6. Be3 cxd4 7. Nxd4 Bd7 8. Nd2 e6 9. Nb5 Rc8 10. Nxa7 Nxa7 11.
Bxa7 Bc6 12. Be3 h5 13. Nf3 h4 14. Qxd5 Nxd5 15. h3 Nxe3 16. fxe3 Bc5 17. Nd4 Be4 18. Bb5+ Ke7 19. Rg1 e5 20. Nf3 Bxe3 21. Rf1 f6 22. Rd1 Rc7 23. Ba4 g5 24. Bb3 Bf4 25. Bd5 Bc2 26. Ra1 b5 27. Nd2 Rd8 28. Rc1 Bd3 29.
Rxf4 gxf4 30. Bf3 f5 31. Nb3 Bc4 32. Rd1 Bxb3 33. axb3 e4 34. Be2 b4 35. Rxd8 Kxd8 36. cxb4 Rc2 37. Bc4 Ke7 38. Kf1 Rxb2 39. Kg1 Rd2 40.
Kf1 Kd6 41. Ke1 Rxg2 0-1

[Event "Live Chess"]
[Site "Chess.com"]
[Date "2023.05.21"]
[Round "-"]
[White "Hacker_2009"]
[Black "LiamClery2020"]
[Result "1/2-1/2"]
[WhiteElo "1918"]
[BlackElo "2003"]
[TimeControl "300"]
[EndTime "4:42:45 PDT"]
[Termination "Game drawn by agreement"]

1. d4 Nf6 2. c4 g6 3. Nc3 d5 4. Bg5 Bg7 5. Bxf6 Bxf6 6. cxd5 c6 7. dxc6 Nxc6 8. e3 O-O 9. Nf3 Qa5 10. Be2 Bg4 11. O-O Rad8 12. Qb3 Rd7 13. a3 e5 14. dxe5 Bxe5 15. Nxe5 Nxe5 16. Bxg4 Nxg4 17. h3 Ne5 18.
Rfd1 Rfd8 19. Rxd7 Rxd7 20. Rd1 Rxd1+ 21. Qxd1 Qb6 22.
Qe2 Nc6 23. b4 a5 24. Nd5 Qd8 25. Qb5 axb4 26. Nxb4 Qd1+ 27. Kh2 Qd6+ 28. g3 Qd2 29.
Kg2 Nxb4 30. Qxb4 Qd5+ 31. e4 Qc6 32. a4 f5 33. Qb3+ Kg7 34. Qb2+ Kg8 35. Qb3+ Kg7 36.
Qb2+ Kg8 1/2-1/2

[Event "Live Chess"]
[Site "Chess.com"]
[Date "2023.05.21"]
[Round "-"]
[White "FlyingChessKestrel13"]
[Black "gmnorfolk"]
[Result "0-1"]
[WhiteElo "2063"]
[BlackElo "2121"]
[TimeControl "300"]
[EndTime "4:42:47 PDT"]
[Termination "gmnorfolk won by resignation"]

1. e4 c5 2. Nc3 d6 3. g3 g6 4.
Bg2 Bg7 5. Nge2 Nc6 6. O-O e5 7.
Nd5 Nge7 8. c3 Nxd5 9. exd5 Ne7 10. d4 cxd4 11. cxd4 O-O 12. dxe5 Bxe5 13. Bh6 Re8 14. f4 Bxb2 15. Rb1 Bg7 16. Bxg7 Kxg7 17. Qd4+ f6 18. Qc3 Nf5 19. Nd4 Nxd4 20. Qxd4 b6 21. Rfe1 Bd7 22. Qb4 Qc7 23. Rec1 Qb8 24. h4 h5 25. Qd4 Bf5 26. Rb3 Re7 27. Rbc3 Qe8 28. Kh2 Rd8 29. Rc6 Re2 30.
Rc7+ Rd7 31. Rxd7+ Qxd7 32. Qc4 Qe7 33. Qc7 Kf7 34.
Qxe7+ Rxe7 35. Kg1 Ke8 36. Kf2 Bg4 37. Bf3 Bf5 38. Rc3 Kd8 39. Rc6 Kd7 40. Rc3 Re8 41. Ra3 Ra8 42. Be2 a5 43. Rb3 Rb8 44. Bb5+ Kd8 45. Re3 Bd7 46. Bxd7 Kxd7 47. Re6 Rf8 48.
Ke3 Re8 49. Rxe8 Kxe8 50. Kd4 b5 51. Kc3 Kf7 52. Kd4 Ke7 53. Kc3 Kd7 54. a4 bxa4 55. Kc4 Kc7 56. Kd4 Kb6 57. Kc4 a3 0-1

[Event "Live Chess"]
[Site "Chess.com"]
[Date "2023.05.21"]
[Round "-"]
[White "GMHarry-youtube"]
[Black "tpm07"]
[Result "1-0"]
[WhiteElo "2032"]
[BlackElo "1927"]
[TimeControl "300"]
[EndTime "4:43:11 PDT"]
[Termination "GMHarry-youtube won by checkmate"]

1. e4 e5 2. Nf3 Nc6 3. Bc4 Nf6 4.
d3 Be7 5. c3 O-O 6. O-O d6 7. h3 a6 8. a4 Na5 9. Ba2 Be6 10. b4 Bxa2 11. Rxa2 Nc6 12. Be3 d5 13. Nfd2 Qd7 14. c4 dxe4 15. Nxe4 Bxb4 16. Nxf6+ gxf6 17. Qf3 f5 18. Bh6 Nd4 19. Qg3+ Kh8 20. Qg7# 1-0

[Event "Live Chess"]
[Site "Chess.com"]
[Date "2023.05.21"]
[Round "-"]
[White "viktorskliarov"]
[Black "RockTroll"]
[Result "1-0"]
[WhiteElo "2654"]
[BlackElo "2231"]
[TimeControl "300"]
[EndTime "4:43:12 PDT"]
[Termination "viktorskliarov won by resignation"]

1. e4 e5 2. Nc3 Nf6 3. Bc4 Nc6 4. d3 Na5 5. Nge2 Bc5 6. Ng3 d6 7. O-O c6 8. Bb3 O-O 9. Be3 Bxe3 10. fxe3 d5 11. Qf3 Be6 12. h3 Qd7 13. Kh2 Nxb3 14. axb3 a5 15. exd5 cxd5 16. d4 e4 17. Qf4 b5 18. Qh4 Rfc8 19. Rxf6 gxf6 20. Nh5 Qd6+ 21. Kg1 Bf5 22. Rf1 Bg6 23. Rxf6 Qd8 24. Nf4 b4 25.
Ncxd5 Rxc2 26. Ne7+ Kg7 27. Nfd5 Rxb2 28. Rxg6+ hxg6 29. Qf6+ Kh6 30. Nf5+ 1-0

[Event "Live Chess"]
[Site "Chess.com"]
[Date "2023.05.21"]
[Round "-"]
[White "Pandreq"]
[Black "bedsdrout"]
[Result "1-0"]
[WhiteElo "1236"]
[BlackElo "566"]
[TimeControl "300"]
[EndTime "4:43:19 PDT"]
[Termination "Pandreq won by checkmate"]

1. d4 e5 2. d5 Nf6 3. c4 Bc5 4. Nc3 Nh5 5. Nf3 e4 6. Nxe4 Bb6 7. e3 Qe7 8. Bd3 Ba5+ 9. Bd2 Bb4 10. a3 Bxd2+ 11.
Nfxd2 Nf6 12. O-O Ng4 13. Qxg4 h6 14. Qxg7 d6 15. Qxh8+ Kd7 16. Nf6+ Qxf6 17. Qxf6 Nc6 18. Bf5+ Ke8 19. dxc6 bxc6 20. Bxc8 Rxc8 21. Qh8+ Kd7 22.
Qxh6 Ke7 23. Ne4 Rf8 24. Qf6+ Ke8 25. Nxd6+ Kd7 26. Rad1 cxd6 27. Qxd6+ Ke8 28. Qd7# 1-0